 Dungeon Crawl Stone Soup version 0.28.0-53-g5a82cb258f (webtiles) character file.

Game seed: 1138058982181813483

123 safid the Chopper (level 5, 0/46 HPs)
             Began as a Hill Orc Fighter on June 21, 2022.
             Succumbed to an orc wizard's poison
             ... on level 4 of the Dungeon.
             The game lasted 00:02:28 (1532 turns).

safid the Chopper (Hill Orc Fighter)                Turns: 1532, Time: 00:02:28

Health: 0/46       AC:  8    Str: 21    XL:     5   Next: 7%
Magic:  5/5        EV:  9    Int: 10    God:
Gold:   47         SH:  9    Dex: 10    Spells: 4/4 levels left

rFire   . . .      SeeInvis +   a - +0 war axe
rCold   . . .      Faith    .   c - +0 buckler
rNeg    . . .      Spirit   .   b - +0 scale mail
rPois   .          Reflect  +   (helmet restricted)
rElec   .          Harm     .   j - +0 cloak
rCorr   .          Rampage  .   (no gloves)
Will    .....                   (no boots)
Stlth   ..........              e - amulet of reflection
HPRegen 0.15/turn               g - ring of flight
MPRegen 0.09/turn               (no ring)

@: lethally poisoned (0 -> -13), flying
A: beak, see invisible, clever 1
a: no special abilities


You were on level 4 of the Dungeon.
You visited 1 branch of the dungeon, and saw 3 of its levels.

You collected 47 gold pieces.

Inventory:

Hand Weapons
 a - a +0 war axe (weapon)
Missiles
 n - 4 boomerangs (quivered)
Armour
 b - a +0 scale mail (worn)
 c - a +0 buckler (worn)
 j - a +0 cloak (worn)
Jewellery
 e - an amulet of reflection (around neck)
 g - a ring of flight (left hand)
Scrolls
 f - a scroll of silence {unknown}
 h - a scroll of summoning {unknown}
 i - a scroll of teleportation {unknown}
 l - 2 scrolls of fear {unknown}
 m - 2 scrolls of fog {unknown}
Potions
 d - a potion of might


   Skills:
 - Level 4.0 Fighting
 + Level 5.2 Axes
 - Level 4.0 Armour
 - Level 4.0 Shields


You had 4 spell levels left.
You didn't know any spells.
Your spell library was empty.

Dungeon Overview and Level Annotations

Branches:
Dungeon (2/15)

Altars:
Fedhas


Innate Abilities, Weirdness & Mutations

You have a beak for a mouth.
You have supernaturally acute eyesight. (SInv)
Your mind is acute. (Int +2)


Message History

The orc hits you but does no damage.
You feel very sick. Something hits you but does no damage.
You are lethally poisoned!
Unknown command.
You bump into the rock wall.
You feel less confused.
* * * LOW HITPOINT WARNING * * *
You feel very sick. Something hits you but does no damage.
You are more poisoned.
It was a potion of mutation.
You feel extremely strange.
You feel clever.
Your mouth lengthens and hardens into a beak!
Your vision sharpens.
Reactivating autopickup.
* * * LOW HITPOINT WARNING * * *
You feel very sick. You block the orc wizard's attack.
The orc hits you but does no damage.
Unknown command.
Unknown command.
It was a potion of curing.
You feel better. You block the orc's attack.
The orc wizard points at you and mumbles some strange words.
You are confused.
The orc hits you with a +0 club.
* * * LOW HITPOINT WARNING * * *
Unknown command.
You bump into the rock wall.
Unknown command.
The orc hits you with a +0 hand axe.
* * * LOW HITPOINT WARNING * * *
You bump into the rock wall.
The orc wizard barely misses you.
You're too confused to move!
The orc barely misses you.
The orc wizard hits you with a +2 dagger of venom.
* * * LOW HITPOINT WARNING * * *
You are lethally poisoned!
The orc barely misses you.
Unknown command.
You feel less confused.
You die...

#############
#..oo.......#
......)#..oo@..^..#
≈≈≈≈≈≈.#########..#
.≈≈≈.o≈ #..# ≈...≈.≈
## #..# ≈._.≈.≈
#...###..# #########
≈...≈.≈ #......#
#......). .≈≈≈..≈
#...###..###.###.###
## #......# #....
#.####.###.###


You could see an orc wizard (invisible) and 3 orcs.

Vanquished Creatures
  Terence (D:2)
  2 orc wizards (D:4)
  4 dart slugs
  4 orcs (D:4)
  4 endoplasms (D:1)
  A giant cockroach (D:1)
  2 goblins (D:2)
  3 hobgoblins
  2 jackals (D:1)
  3 kobolds
  A quokka (D:2)
  5 ball pythons
  2 frilled lizards
  3 rats
37 creatures vanquished.

Notes
Turn   | Place    | Note
-------+----------+-------------------------------------------
     0 | D:1      | safid the Hill Orc Fighter began the quest for the Orb.
     0 | D:1      | Reached XP level 1. HP: 19/19 MP: 1/1
   509 | D:1      | Reached skill level 3 in Axes
   509 | D:1      | Reached XP level 2. HP: 27/27 MP: 2/2
   935 | D:2      | Noticed Terence
   953 | D:2      | Killed Terence
   954 | D:2      | Reached XP level 3. HP: 24/33 MP: 3/3
  1103 | D:2      | Reached XP level 4. HP: 40/40 MP: 4/4
  1430 | D:2      | You are sucked into a shaft and drop 2 floors!
  1474 | D:4      | Reached skill level 4 in Axes
  1481 | D:4      | Reached skill level 5 in Axes
  1481 | D:4      | Reached XP level 5. HP: 46/46 MP: 5/5
  1511 | D:4      | Found a blossoming altar of Fedhas.
  1525 | D:4      | Gained mutation: Your mind is acute. (Int +2) [potion of
                  | mutation]
  1525 | D:4      | Gained mutation: You have a beak for a mouth. [potion of
                  | mutation]
  1525 | D:4      | Gained mutation: You have supernaturally acute eyesight.
                  | (SInv) [potion of mutation]
  1531 | D:4      | HP: 2/46 [orc wizard/+2 dagger of venom (5)]
  1532 | D:4      | Succumbed to an orc wizard's poison

Illustrated notes

Levels and vault maps discovered:
D:1:      eino_arrival_druids_welcome, layout_loops_cross, corner_web_ring,
          minmay_misc_feat_rugged
D:2:      layout_loops_cross, shapermc_ecumenical_altar_hornbeckon, uniq_terence
D:4:      layout_loops_ring, nicolae_overflow_crystal_walls,
          mainiacjoe_overflow_paths, serial_glass, glass_columns_a,
          glass_columns_c, saegor_snake_ambush

Skill      XL: |  1  2  3  4 |
---------------+-------------+-----
Axes           | 3 5 |  5.2
Fighting       | 4 |  4.0
Armour         | 4 |  4.0
Shields        | 4 |  4.0

Action                   |  1- 3 |  4- 6 || total
-------------------------+-------+-------++-------
Melee: War axe           |    62 |    34 ||    96
  Use: Potion            |       |     2 ||     2
Armor: Scale mail        |    20 |    14 ||    34
Dodge: Dodged            |    20 |    15 ||    35
Block: Buckler           |    33 |    10 ||    43
       Reflection        |     3 |     1 ||     4
